 Dungeon Crawl Stone Soup version 0.20.0 (webtiles) character file.

346 BarneyGumball the Slasher (level 6, -10/41 HPs)
             Began as a Formicid Enchanter on May 28, 2017.
             Killed by nerve-wracking pain
             ... invoked by Menkaure
              (14 damage)
             ... on level 4 of the Dungeon.
             The game lasted 00:26:11 (4244 turns).

BarneyGumball the Slasher (Formicid Enchanter)      Turns: 4244, Time: 00:26:11

Health: -10/41     AC:  6    Str: 14    XL:     6   Next: 90%
Magic:  4/9        EV: 12    Int: 15    God:
Gold:   193        SH:  0    Dex: 13    Spells: 3/9 levels left

rFire    . . .     SeeInvis +   r - +0 long sword
rCold    . . .     Gourm    .   (no shield)
rNeg     . . .     Faith    .   p - +0 leather armour
rPois    .         Spirit   .   (helmet unavailable)
rElec    .         Reflect  .   (no cloak)
rCorr    .         Harm     .   i - +1 pair of gloves
MR       .....                  u - +0 pair of boots
Stlth    +++.......             (no amulet)
Regen    0.2/turn               (no ring)
MPRegen  0.2/turn               (no ring)

@: no status effects
A: permanent stasis, dig shafts and tunnels, four strong arms, antennae 3, thin
skeletal structure 1, subdued magic 1
a: Dig, Shaft Self


You were on level 4 of the Dungeon.
You were near starving.

You visited 1 branch of the dungeon, and saw 4 of its levels.

You collected 193 gold pieces.

Inventory:

Hand Weapons
 a - a +1 dagger
 r - a +0 long sword (weapon)
Armour
 b - a +0 robe
 i - a +1 pair of gloves (worn)
 p - a +0 leather armour (worn)
 u - a +0 pair of boots (worn)
 w - a +0 chain mail
Wands
 y - a wand of confusion (26/48)
Scrolls
 e - a scroll of magic mapping {unknown}
 h - 2 scrolls of remove curse {unknown}
 l - a scroll of fog {unknown}
 m - a scroll of amnesia {unknown}
 o - 2 scrolls of identify
 s - 3 scrolls of teleportation {unknown}
 t - a scroll of enchant armour {unknown}
 v - a scroll of random uselessness {unknown}
Potions
 f - a potion of might {unknown}
 g - 2 potions of flight
 j - 2 potions of cancellation
 k - a potion of curing
 n - a potion of brilliance {unknown}
 q - a potion of ambrosia
 z - a potion of lignification {unknown}
Books
 c - a book of Maledictions

   Spells                             Type                      Level
   a - Corona                         Hexes                        1
   b - Ensorcelled Hibernation        Hexes/Ice                    2
   c - Confuse                        Hexes                        3
   d - Tukima's Dance                 Hexes                        3
   e - Dazzling Spray                 Conjuration/Hexes            3
 x - a book of Callings

   Spells                             Type                      Level
   a - Summon Small Mammal            Summoning                    1
   b - Call Imp                       Summoning                    2
   c - Call Canine Familiar           Summoning                    3
   d - Summon Guardian Golem          Hexes/Summoning              3
   e - Summon Lightning Spire         Summoning/Air                4
   f - Summon Ice Beast               Ice/Summoning                4
Comestibles
 d - a bread ration


   Skills:
 - Level 2.4(3.6) Short Blades
 * Level 4.2(4.6) Long Blades
 - Level 3.1 Armour
 - Level 1.7 Dodging
 - Level 4.0 Stealth
 - Level 2.1 Spellcasting
 - Level 3.6 Hexes
 + Level 1.8 Ice Magic


You had 3 spell levels left.
You knew the following spells:

 Your Spells              Type           Power        Failure   Level  Hunger
a - Corona                Hex            #......      4%          1    #......
b - Ensorcelled Hibernat  Hex/Ice        #.....       11%         2    ###....
c - Confuse               Hex            #.......     16%         3    ###....


Dungeon Overview and Level Annotations

Branches:
Dungeon (4/15)
 Temple: D:4-7

Altars:

Annotations:
D:4 Menkaure


Innate Abilities, Weirdness & Mutations

You cannot be hasted, slowed, berserked, paralysed or teleported.
You can dig through walls and to a lower floor.
Your four strong arms can wield two-handed weapons with a shield.
You have a pair of large antennae on your head. (SInv)
You have a somewhat thin skeletal structure. (Dex +2, Stealth)
Your spells are a little easier to cast, but a little less powerful.


Message History

Confirm with . or Enter, or press ? or * to list all spells.
Aiming: Confuse
Press: ? - help, Shift-Dir - straight line, f - Menkaure
Aim: Menkaure (heavily damaged, fast, chance to defeat MR: 40%) Menkaure resists with some effort.
Menkaure closely misses you.
You slash Menkaure!
Menkaure is almost destroyed.
Menkaure hits you!
* * * LOW HITPOINT WARNING * * *
Casting: Confuse
Confirm with . or Enter, or press ? or * to list all spells.
Aiming: Confuse
Press: ? - help, Shift-Dir - straight line, f/p - Menkaure
Aim: Menkaure (almost destroyed, fast, chance to defeat MR: 40%) Menkaure appears confused.
Menkaure grins madly.
Okay, then.
Menkaure points at you and mumbles some strange words.
Pain shoots through your body!
You die...

{ ######## ...
#......# #.# #......#
#.# #......# #.# #..
#......# # #.# # #.#
#...@..# #>##.##.# #.#
#.....M###...M...# #.#
####....#####M# #.#
###.#....†.#
#.######## #.#.######
######....(...####.#.#
#......[#####........#
#.###......##.####...#
#####
.....(..##...........#
#...##


You could see Menkaure.

Vanquished Creatures
  Blork the orc (D:4)
  A hound (D:4)
  2 orc wizards (D:4)
  A worker ant (D:4)
  3 gnolls (D:2)
  8 adders
  3 oozes
  An adder skeleton (D:4)
  A dart slug (D:3)
  3 leopard geckos (D:1)
  5 orcs (D:4)
  2 giant cockroaches
  3 goblins
  7 hobgoblins
  4 jackals (D:4)
  A quokka (D:2)
  5 bats
  6 frilled lizards
  5 kobolds
  9 rats
71 creatures vanquished.

Notes
Turn   | Place    | Note
-------+----------+-------------------------------------------
     0 | D:1      | BarneyGumball the Formicid Enchanter began the quest for the Orb.
     0 | D:1      | Reached XP level 1. HP: 13/13 MP: 3/3
    64 | D:1      | Reached XP level 2. HP: 9/19 MP: 5/5
   661 | D:1      | Reached XP level 3. HP: 24/24 MP: 6/6
   757 | D:1      | You fall through a shaft!
  1404 | D:2      | Reached skill level 1 in Armour
  1420 | D:2      | Reached skill level 1 in Long Blades
  1420 | D:2      | Reached XP level 4. HP: 26/30 MP: 7/7
  2397 | D:3      | Reached XP level 5. HP: 35/35 MP: 8/8
  2911 | D:3      | Learned a level 2 spell: Ensorcelled Hibernation
  2915 | D:3      | Learned a level 3 spell: Confuse
  3109 | D:4      | Noticed a slave
  3385 | D:4      | Reached XP level 6. HP: 41/41 MP: 9/9
  3419 | D:4      | HP: 1/41 [poisoned by an orc wizard]
  3430 | D:4      | Gained mutation: Your spells are a little easier to cast, but a little less powerful. [potion of mutation]
  3430 | D:4      | Gained mutation: You have a somewhat thin skeletal structure. (Dex +2, Stealth) [potion of mutation]
  3598 | D:4      | Noticed Blork the orc
  3610 | D:4      | Killed Blork the orc
  3610 | D:4      | Reached skill level 1 in Ice Magic
  3794 | D:4      | Noticed Menkaure
  4231 | D:4      | HP: 2/41 [Menkaure (16)]
  4244 | D:4      | Killed from afar by Menkaure

Skill      XL: |  1  2  3  4  5  6 |
---------------+-------------------+-----
Short Blades   | 2 |  2.4
Stealth        | 4 |  4.0
Armour         | 1 2 3 |  3.1
Long Blades    | 1 2 3 4 |  4.2
Ice Magic      | 1 |  1.8
Dodging        | |  1.7
Spellcasting   | |  2.1
Hexes          | |  3.6

Action                   |  1- 3 |  4- 6 || total
-------------------------+-------+-------++-------
Melee: Dagger            |    65 |       ||    65
       Long sword        |     9 |   180 ||   189
 Cast: Ensorcelled Hiber |       |     3 ||     3
       Confuse           |       |     2 ||     2
Evoke: Wand              |       |     1 ||     1
  Use: Potion            |       |     6 ||     6
       Scroll            |       |     1 ||     1
 Stab: Sleeping          |     6 |    10 ||    16
       Distracted        |     1 |     1 ||     2
  Eat: Chunk             |     1 |     4 ||     5
       Bread ration      |       |     1 ||     1
Armor: Robe              |    14 |     6 ||    20
       Leather armour    |       |    33 ||    33
Dodge: Dodged            |    37 |   116 ||   153
       Rpst.: Long sword |     3 |    29 ||    32
